 Dungeon Crawl Stone Soup version 0.20.1-1-g8b1a95d (webtiles) character file.

15555 westwoodlt the Slinger (level 12, -7/83 HPs)
             Began as a Halfling Hunter on Oct 8, 2017.
             Was an Initiate of Gozag.
             Mangled by a polar bear (14 damage)
             ... on level 4 of the Lair of Beasts on Oct 12, 2017.
             The game lasted 02:03:01 (13421 turns).

westwoodlt the Slinger (Halfling Hunter)           Turns: 13421, Time: 02:03:01

Health: -7/83      AC: 21    Str: 17    XL:     12   Next: 59%
Magic:  12/12      EV: 12    Int:  9    God:    Gozag
Gold:   1528       SH:  0    Dex: 16    Spells: 11/11 levels left

rFire    x . .     SeeInvis .   b - +1 long sword (elec)
rCold    + . .     Gourm    .   (shield restricted)
rNeg     . . .     Faith    .   R - +4 plate armour {rPois}
rPois    +         Spirit   .   K - +0 helmet
rElec    .         Reflect  .   (no cloak)
rCorr    .         Harm     +   I - +0 pair of gloves
MR       .....                  (no boots)
Stlth    ..........             v - amulet of harm
Regen    0.3/turn               N - ring of ice
MPRegen  0.2/turn               (no ring)

@: gold aura
A: mutation resistance 1
a: Potion Petition, Call Merchant, Bribe Branch, Renounce Religion


You were on level 4 of the Lair of Beasts.
You worshipped Gozag.
Gozag was most pleased with you.
You were not hungry.

You visited 3 branches of the dungeon, and saw 13 of its levels.
You also visited: Ice Cave.

You collected 1626 gold pieces.
You paid 98 gold pieces to Gozag.

Inventory:

Hand Weapons
 a - a +1 hunting sling
 b - a +1 long sword of electrocution (weapon)
Missiles
 d - 146 sling bullets
 l - 343 stones
 F - 3 tomahawks (quivered)
Armour
 i - a +1 ring mail
 I - a +0 pair of gloves (worn)
 K - a +0 helmet (worn)
 R - a +4 plate armour of poison resistance (worn)
Jewellery
 v - an amulet of harm (around neck)
 N - a ring of ice (left hand)
Wands
 h - a wand of iceblast (7/15)
 y - a wand of flame (26/48)
 A - a wand of lightning (5/15)
 B - a wand of acid (5/15)
 D - a wand of paralysis (12/24)
 M - a wand of enslavement (14/24)
Scrolls
 g - 2 scrolls of fog
 q - 2 scrolls of teleportation
 r - a scroll of enchant weapon {unknown}
 s - 2 scrolls of amnesia
 x - 2 scrolls of recharging
 C - a scroll of fear {unknown}
 E - 4 scrolls of immolation
 J - 4 scrolls of remove curse
 L - 2 scrolls of magic mapping
 P - a scroll of random uselessness {unknown}
Potions
 c - 2 potions of curing
 j - 2 potions of haste
 k - a potion of cancellation {unknown}
 n - 3 potions of berserk rage {unknown}
 o - 2 potions of heal wounds {unknown}
 p - 2 potions of resistance {unknown}
 t - 2 potions of agility {unknown}
 z - a potion of might {unknown}
 G - a potion of magic {unknown}
 O - 2 potions of ambrosia {unknown}
 S - 2 potions of flight {unknown}
Books
 e - a book of Flames

   Spells                             Type                      Level
   a - Flame Tongue                   Conjuration/Fire             1
   b - Throw Flame                    Conjuration/Fire             2
   c - Conjure Flame                  Conjuration/Fire             3
   d - Inner Flame                    Hexes/Fire                   3
   e - Sticky Flame                   Conjuration/Fire             4
   f - Fireball                       Conjuration/Fire             5
 H - a book of Maledictions

   Spells                             Type                      Level
   a - Corona                         Hexes                        1
   b - Ensorcelled Hibernation        Hexes/Ice                    2
   c - Confuse                        Hexes                        3
   d - Tukima's Dance                 Hexes                        3
   e - Dazzling Spray                 Conjuration/Hexes            3
 Q - a book of Battle

   Spells                             Type                      Level
   a - Infusion                       Charms                       1
   b - Shroud of Golubria             Charms/Translocation         2
   c - Song of Slaying                Charms                       2
   d - Spectral Weapon                Hexes/Charms                 3
   e - Regeneration                   Charms/Necromancy            3
Comestibles
 f - 7 bread rations
 w - 4 meat rations


   Skills:
 - Level 8.2 Fighting
 - Level 8.0 Long Blades
 + Level 13.2 Slings
 + Level 10.7 Armour
 - Level 8.0 Dodging
 - Level 6.3 Stealth


You had 11 spell levels left.
You didn't know any spells.

Dungeon Overview and Level Annotations

Branches:
Dungeon (8/15)             Temple (1/1) D:5            Lair (4/6) D:8
  Swamp (0/4) Lair:3        Snake (0/4) Lair:3

Altars:
Ashenzari
Cheibriados
Dithmenos
Elyvilon
Fedhas
Gozag
Hepliaklqana
Kikubaaqudgha
Makhleb
Nemelex Xobeh
Okawaru
Qazlal
Ru
Sif Muna
Trog
Uskayaw
Vehumet
Xom
Yredelemnul
Zin
The Shining One

Annotations:
D:8 2 transporters


Innate Abilities, Weirdness & Mutations

You are small and have problems with some larger weapons.
You are somewhat resistant to further mutation.


Message History

You hit the polar bear.
The polar bear is severely wounded.
The polar bear bites you.
* * * LOW HITPOINT WARNING * * *
The polar bear claws you but does no damage. x2
Okay, then.
Evoke which item? (* to show all) (? for menu, Esc to quit)
Aiming: Paralyse
Press: ? - help, Shift-Dir - straight line, f - polar bear
Aim: a polar bear (severely wounded, chance to defeat MR: 46%)
The polar bear resists with some effort.
This wand has 12 charges left.
The polar bear goes berserk!
You feel better. The polar bear bites you!
* * * LOW HITPOINT WARNING * * *
The polar bear claws you.
* * * LOW HITPOINT WARNING * * *
The polar bear claws you but does no damage.
You feel better. The polar bear bites you!
You die...
Your body crumbles into a pile of gold.

* **,,**,,,,,,,,,,,,,,,,,,* *
*##*,,,,**,,,*****,*,******* #
*###....,,,****** *,,***
#*#........,,* **,,*
##...#.....,,* *,,,*
.##.#..#..,,**##### *,,,*
........#*,,*##...##*,***
.#..P.P#,**,*#.....#*,*** ******
..P.#..##**$##..@..#*,*,****,**,,
........###.##.$.h.#*,,,,,,,,,,,,
............###...##*,,,,,,,,,,,,
#...........##...##**,,,,,,,,,,,,
#......#....####..#*,,,,,,,,,,,,,
#......P....## #.##*,,,,$,,,,,,,,
#............###.# *,,,,,,,,,,,,,
#........##.P##.## *,,,,,,,,,,,,,
.........##)####.##**,,,,,,,,,,,,


You could see a polar bear (berserk).

Vanquished Creatures
  A hydra (Lair:2)
  An ice dragon (Lair:4)
  3 two-headed ogres (D:8)
  The ghost of aatami the Poker, a novice DsBe of Trog (D:5)
  2 black mambas
  4 spiny frogs
  2 komodo dragons
  2 rime drakes
  4 polar bears
  4 blink frogs (Lair:3)
  2 hippogriffs
  A spriggan (D:8)
  A wyvern (Lair:3)
  11 yaks
  12 porcupines
  5 water moccasins
  A black bear (Lair:2)
  An orc warrior (D:7)
  A phantom (D:5)
  2 ice beasts
  2 ogres
  A centaur (D:5)
  10 wolves
  A big kobold (D:8)
  3 crocodiles
  5 bullfrogs
  A scorpion (D:5)
  6 killer bees (D:8)
  6 electric eels
  A crimson imp (D:5)
  3 quasits
  A jelly (D:5)
  3 orc priests (D:4)
  4 hounds
  5 orc wizards
  A centaur skeleton (D:8)
  2 bullfrog skeletons (D:6)
  2 iguanas
  Ijyb (D:4)
  2 worker ants
  A worker ant zombie (D:7)
  Robin (D:4)
  3 gnolls (D:4)
  7 adders
  A shadow imp (D:8)
  A white imp (D:4)
  2 oozes
  3 worms
  2 adder skeletons
  7 leopard geckos
  20 orcs
  4 ball pythons
  8 bats
  8 giant cockroaches
  16 goblins
  11 hobgoblins
  9 jackals
  12 kobolds
  3 quokkas
  A ball python skeleton (D:4)
  A frilled lizard (D:1)
  2 goblin skeletons (D:4)
  2 goblin zombies (D:4)
  3 hobgoblin zombies (D:4)
  2 jackal skeletons
  4 kobold skeletons (D:4)
  A kobold zombie (D:4)
  A leopard gecko skeleton (D:4)
  A leopard gecko zombie (D:5)
  An orc zombie (D:4)
  8 rats
  A fungus (Lair:3)
  2 plants (Lair:3)
270 creatures vanquished.

Vanquished Creatures (others)
  2 wolves (IceCv)
  A fungus (Lair:1)
  A plant (Lair:3)
4 creatures vanquished.

Grand Total: 274 creatures vanquished

Notes
Turn   | Place    | Note
-------+----------+-------------------------------------------
     0 | D:1      | westwoodlt the Halfling Hunter began the quest for the Orb.
     0 | D:1      | Reached XP level 1. HP: 14/14 MP: 1/1
    47 | D:1      | Reached skill level 6 in Slings
   175 | D:1      | Reached XP level 2. HP: 18/19 MP: 2/2
   529 | D:1      | Reached skill level 7 in Slings
   529 | D:1      | Reached XP level 3. HP: 24/24 MP: 3/3
  1265 | D:2      | Reached XP level 4. HP: 25/29 MP: 4/4
  1982 | D:3      | Found a stormy altar of Qazlal.
  2040 | D:3      | Reached XP level 5. HP: 34/34 MP: 5/5
  2388 | D:3      | Found an ancient bone altar of Kikubaaqudgha.
  2601 | D:4      | Noticed Ijyb
  2623 | D:4      | Killed Ijyb
  2623 | D:4      | Reached skill level 8 in Slings
  2954 | D:4      | Reached XP level 6. HP: 39/39 MP: 6/6
  3206 | D:4      | Found a glowing golden altar of the Shining One.
  3349 | D:4      | Noticed an ogre
  3358 | D:4      | Killed an ogre
  3358 | D:4      | Reached skill level 9 in Slings
  3358 | D:4      | Reached XP level 7. HP: 44/44 MP: 7/7
  3809 | D:4      | Noticed Robin
  3818 | D:4      | Killed Robin
  4072 | D:5      | Entered Level 5 of the Dungeon
  4089 | D:5      | Found an iron altar of Okawaru.
  4137 | D:5      | Reached skill level 10 in Slings
  4139 | D:5      | Reached XP level 8. HP: 49/49 MP: 8/8
  4294 | D:5      | Reached skill level 5 in Dodging
  4305 | D:5      | Reached skill level 5 in Stealth
  4427 | D:5      | Noticed aatami's ghost (novice DsBe)
  4466 | D:5      | Killed aatami's ghost
  4466 | D:5      | Reached skill level 11 in Slings
  4540 | D:5      | Found a staircase to the Ecumenical Temple.
  4549 | Temple   | Entered the Ecumenical Temple
  4847 | D:4      | Reached XP level 9. HP: 23/54 MP: 9/9
  5288 | D:6      | Reached skill level 12 in Slings
  5642 | D:6      | Found an opulent altar of Gozag.
  5649 | D:6      | Became a worshipper of Gozag Ym Sagoz the Greedy
  6326 | D:7      | Found a hazy altar of Hepliaklqana.
  6330 | D:7      | Found a shadowy altar of Dithmenos.
  6330 | D:7      | Found a bloodstained altar of Trog.
  6939 | D:8      | Noticed a two-headed ogre
  6960 | D:8      | Killed a two-headed ogre
  7078 | D:8      | Found a transporter.
  7082 | D:8      | Found a staircase to the Lair.
  7111 | D:8      | Found a transporter.
  7179 | D:8      | Reached skill level 1 in Long Blades
  7222 | D:8      | Noticed a two-headed ogre
  7229 | D:8      | Killed a two-headed ogre
  7229 | D:8      | Reached skill level 5 in Fighting
  7229 | D:8      | Reached XP level 10. HP: 68/68 MP: 10/10
  7287 | D:8      | Found a burning altar of Makhleb.
  7413 | D:8      | Noticed a two-headed ogre
  7509 | D:8      | Killed a two-headed ogre
  7640 | D:8      | Reached skill level 5 in Long Blades
  8340 | Lair:1   | Entered Level 1 of the Lair of Beasts
  8537 | Lair:1   | Found a sparkling altar of Nemelex Xobeh.
  8725 | Lair:1   | Noticed a spiny frog
  8737 | Lair:1   | Killed a spiny frog
  8737 | Lair:1   | Reached skill level 5 in Armour
  8967 | Lair:1   | Reached XP level 11. HP: 72/72 MP: 11/11
  9529 | Lair:2   | Noticed a six-headed hydra
  9539 | Lair:2   | Killed a six-headed hydra
 11468 | Lair:3   | Found a staircase to the Swamp.
 11609 | Lair:3   | Found a staircase to the Snake Pit.
 11764 | Lair:3   | Reached XP level 12. HP: 81/81 MP: 12/12
 12799 | Lair:3   | Reached skill level 10 in Armour
 13111 | Lair:4   | Found a frozen archway.
 13117 | Lair:4   | Noticed an ice dragon
 13157 | Lair:4   | Killed an ice dragon
 13157 | Lair:4   | Reached skill level 13 in Slings
 13180 | IceCv    | Entered an ice cave
 13413 | Lair:4   | HP: 4/83 [polar bear (13)]
 13420 | Lair:4   | HP: 4/83 [polar bear (12)]
 13420 | Lair:4   | HP: 1/83 [polar bear (3)]
 13421 | Lair:4   | Mangled by a polar bear

Skill      XL: |  1  2  3  4  5  6  7  8  9 10 11 12 |
---------------+-------------------------------------+-----
Slings         | 6 7 8 9 10 11 12 13 | 13.2
Stealth        | 2 3 4 6 |  6.3
Dodging        | 3 4 6 8 |  8.0
Fighting       | 5 7 8 |  8.2
Long Blades    | 3 6 8 |  8.0
Armour         | 5 9 10 | 10.7

Action                   |  1- 3 |  4- 6 |  7- 9 | 10-12 || total
-------------------------+-------+-------+-------+-------++-------
Melee: Short sword       |    69 |       |       |       ||    69
       Dagger            |       |    16 |   125 |       ||   141
       Long sword        |       |       |       |   271 ||   271
 Fire: Hunting sling     |    52 |   194 |   238 |   328 ||   812
Evoke: Wand              |       |       |     5 |     6 ||    11
  Use: Scroll            |       |     3 |     6 |    12 ||    21
       Potion            |       |       |       |     8 ||     8
 Stab: Sleeping          |     1 |       |     4 |       ||     5
       Paralysed         |       |       |     2 |     2 ||     4
       Distracted        |       |       |       |     2 ||     2
  Eat: Chunk             |     1 |     5 |     8 |       ||    14
       Fruit             |       |       |     3 |     6 ||     9
       Royal jelly       |       |       |     1 |     6 ||     7
       Meat ration       |       |       |       |     1 ||     1
Armor: Leather armour    |     5 |       |       |       ||     5
       Ring mail         |    28 |     6 |    29 |     2 ||    65
       Plate armour      |       |       |       |   152 ||   152
Dodge: Dodged            |    64 |    23 |   130 |   161 ||   378
       Rpst.: Long sword |       |       |       |    40 ||    40
